 Seeded DCSS version 0.25-a0-942-g87a5396 (webtiles) character file.

Game seed: 7545656194628248485, levelgen mode: deterministic

1518075 PublicAnimeNo1 the Gnoll Blade (level 27, 182/222 HPs)
             Began as a Gnoll Summoner on May 4, 2020.
             Was the Champion of Ashenzari.
             Escaped with the Orb
             ... and 3 runes on May 7, 2020!
             The game lasted 04:56:08 (101465 turns).

PublicAnimeNo1 the Gnoll Blade (Gnoll Summoner)   Turns: 101465, Time: 04:56:09

Health: 182/222    AC: 38    Str: 12    XL:     27
Magic:  46/46      EV: 21    Int: 43    God:    Ashenzari [******]
Gold:   5981       SH: 27    Dex: 15    Spells: 4/65 levels left

rFire    + + +     SeeInvis +   a - +9 double sword (elec) (curse)
rCold    + . .     Gourm    .   T - +5 tower shield {rN+} (curse)
rNeg     + + .     Faith    .   y - +8 fire dragon scales (curse)
rPois    +         Spirit   .   G - +2 helmet (curse)
rElec    .         Reflect  .   V - +1 cloak of Protective Custody {rC+ Int+5} (curse)
rCorr    .         Harm     .   R - +1 pair of gloves of Valour {rC+ Int+2 SInv} (curse)
MR       +++..     Clarity  +   N - +2 pair of boots {Stlth+} (curse)
Stlth    +++.......             Z - amulet "Viefiab" {Acrobat rF+} (curse)
HPRegen  0.00/turn              K - ring "Dessopri" {rPois rF+ rN+ Int+4} (curse)
MPRegen  0.30/turn              l - ring of protection from magic

@: studying Long Blades
A: distributed training, fangs 1, blurry vision 1, clever 1, mutation resistance
1, inhibited regeneration, strong nose
0: Orb of Zot
}: 3/15 runes: decaying, silver, gossamer
a: Curse Item, Scrying, Renounce Religion


You escaped.
You worshipped Ashenzari.
Ashenzari was exalted by your worship.
You were not hungry.

You visited 11 branches of the dungeon, and saw 53 of its levels.
You visited the Abyss 1 time.
You visited 1 bazaar.
You also visited: Volcano and Wizlab.

You collected 7947 gold pieces.
You spent 1966 gold pieces at shops.

Inventory:

Hand Weapons
 a - a cursed +9 double sword of electrocution (weapon)
   (You took it off a deep elf elementalist on level 3 of the Elven Halls)
 b - the +9 staff of Olgreb {rPois∞}
   (You acquired it on level 13 of the Dungeon)

   It grants immunity to poison.
 S - a +3 vampiric demon blade {!w}
   (You found it on level 5 of the Depths)
Missiles
 q - 5 silver javelins (quivered)
 W - a throwing net {!f}
Armour
 y - cursed +8 fire dragon scales (worn)
   (You found it in a volcano)
 G - a cursed +2 helmet (worn)
   (You bought it in a shop on level 4 of the Depths)
 H - a +2 pair of gloves of strength
   (You acquired it on level 10 of the Dungeon)
 N - a cursed +2 pair of boots of stealth (worn)
   (You found it on level 2 of the Spider Nest)
 Q - a +1 cloak of poison resistance
   (You took it off a draconian scorcher on level 5 of the Realm of Zot)
 R - the cursed +1 pair of gloves of Valour (worn) {rC+ Int+2 SInv}
   (You found it on level 3 of the Realm of Zot)

   It affects your intelligence (+2).
   It protects you from cold.
   It lets you see invisible.
   It has a curse placed upon it.
 T - a cursed +5 tower shield of positive energy (worn)
   (You took it off a deep elf elementalist on level 3 of the Elven Halls)
 V - the cursed +1 cloak of Protective Custody (worn) {rC+ Int+5}
   (You found it on level 7 of the Dungeon)

   It affects your intelligence (+5).
   It protects you from cold.
   It has a curse placed upon it.
Jewellery
 l - a ring of protection from magic (right hand)
   (You found it on level 4 of the Abyss)
 t - an uncursed ring of resist corrosion
   (You found it on level 2 of the Realm of Zot)
 K - the cursed ring "Dessopri" (left hand) {rPois rF+ rN+ Int+4}
   (You found it on level 3 of the Realm of Zot)

   [ring of intelligence]

   It affects your intelligence (+4).
   It protects you from fire.
   It protects you from poison.
   It protects you from negative energy.
   It has a curse placed upon it.
 Z - the cursed amulet "Viefiab" (around neck) {Acrobat rF+}
   (You found it on level 1 of the Spider Nest)

   [amulet of the acrobat]

   It helps you evade while moving and waiting.
   It protects you from fire.
   It has a curse placed upon it.
Wands
 c - a wand of disintegration (27)
   (You found it on level 6 of the Lair of Beasts)
 d - a wand of iceblast (55)
   (You found it on level 6 of the Dungeon)
 m - a wand of enslavement (7)
   (You found it on level 2 of the Dungeon)
 u - a wand of paralysis (27)
   (You found it on level 1 of the Spider Nest)
 v - a wand of digging (25)
   (You found it on level 8 of the Dungeon)
 X - a wand of polymorph (28)
   (You took it off a vault sentinel on level 5 of the Vaults)
 Y - a wand of scattershot (10)
   (You found it on level 4 of the Vaults)
Scrolls
 f - 3 scrolls of amnesia
 h - 2 scrolls of holy word
 j - 30 scrolls of identify {@r1}
 o - 3 scrolls of summoning
 r - 13 scrolls of teleportation {@r4}
 s - 6 scrolls of fear
 A - 5 scrolls of enchant armour
 C - 2 scrolls of magic mapping
 E - 5 scrolls of blinking
 J - 16 scrolls of remove curse {@r2}
 L - 6 scrolls of fog
 M - a scroll of vulnerability {!r}
 U - 8 scrolls of immolation {!r}
Potions
 g - 3 potions of resistance
 i - 10 potions of curing {@q1}
 n - 4 potions of stabbing
 p - 11 potions of brilliance
 w - 12 potions of flight
 x - a potion of berserk rage
 z - 3 potions of cancellation
 B - 3 potions of magic
 D - 2 potions of might
 I - 8 potions of lignification {!q}
 O - 2 potions of heal wounds {@q2}
 P - 2 potions of haste {@q3}
Books
 k - a manual of Long Blades {!d}
   (You found it in a wizard's laboratory)
Miscellaneous
 F - a phantom mirror
Comestibles
 e - 53 rations {!d}


   Skills:
 + Level 19.2 Fighting
 + Level 19.2 Short Blades
 + Level 23.5(26.8) Long Blades
 + Level 19.2 Axes
 + Level 19.2 Maces & Flails
 + Level 19.2 Polearms
 + Level 19.2 Staves
 + Level 19.2 Slings
 + Level 19.2 Bows
 + Level 19.2 Crossbows
 + Level 19.2 Throwing
 + Level 19.2(22.8) Armour
 + Level 19.5(23.1) Dodging
 + Level 19.5 Stealth
 + Level 19.2(21.4) Shields
 + Level 19.2 Unarmed Combat
 + Level 19.6 Spellcasting
 + Level 16.6(19.0) Conjurations
 + Level 16.6(19.0) Hexes
 + Level 16.6(19.0) Charms
 + Level 17.6(20.0) Summonings
 + Level 16.6(19.0) Necromancy
 + Level 16.6(19.0) Translocations
 + Level 16.6(19.0) Transmutations
 + Level 16.6(19.0) Fire Magic
 + Level 16.6(19.0) Ice Magic
 + Level 16.6(19.0) Air Magic
 + Level 16.6(19.0) Earth Magic
 + Level 16.6(19.0) Poison Magic
 + Level 20.6 Invocations
 + Level 19.2(21.4) Evocations


You had 4 spell levels left.
You knew the following spells:

 Your Spells              Type           Power        Failure   Level  Hunger
a - Death Channel         Necr           ########..   1%          6    None
b - Eringya's Noxious Bo  Tmut/Pois      ########..   1%          6    None
c - Apportation           Tloc           ######       0%          1    None
d - Yara's Violent Unrav  Hex/Tmut       ########..   1%          5    None
e - Irradiate             Conj/Tmut      ########..   1%          5    None
f - Borgnjor's Vile Clut  Necr/Erth      ########..   1%          5    None
g - Silence               Hex/Air        ########..   1%          5    None
h - Blink                 Tloc           N/A          0%          2    None
i - Freezing Cloud        Conj/Ice/Air   ########..   1%          6    None
j - Statue Form           Tmut/Erth      ########.    1%          6    None
u - Animate Skeleton      Necr           N/A          0%          1    None
v - Passage of Golubria   Tloc           N/A          0%          4    None
w - Summon Mana Viper     Hex/Summ       ########     1%          5    None
z - Summon Lightning Spi  Summ/Air       ########     0%          4    None

Your spell library contained the following spells:

 Spells                   Type           Power        Failure   Level  Hunger
 Beastly Appendage        Tmut           ######       0%          1    None
 Corona                   Hex            #######      0%          1    None
 Foxfire                  Conj/Fire      ####         0%          1    None
 Infusion                 Chrm           ####         0%          1    None
 Magic Dart               Conj           ####         0%          1    None
 Pain                     Necr           ####         0%          1    None
 Sandblast                Erth           ######       0%          1    None
 Sting                    Tmut/Pois      ####         0%          1    None
 Summon Butterflies       Summ           ########     0%          1    None
 Summon Small Mammal      Summ           ####         0%          1    None
 Call Imp                 Summ           ########     0%          2    None
 Corpse Rot               Necr/Air       N/A          0%          2    None
 Ensorcelled Hibernation  Hex/Ice        ######       0%          2    None
 Passwall                 Tmut/Erth      ########     0%          2    None
 Poisonous Vapours        Pois/Air       ######       0%          2    None
 Searing Ray              Conj           ######       0%          2    None
 Shroud of Golubria       Chrm/Tloc      ######       0%          2    None
 Slow                     Hex            ########     0%          2    None
 Song of Slaying          Chrm           ########     0%          2    None
 Sticks to Snakes         Tmut           ########     0%          2    None
 Sublimation of Blood     Necr           ########..   0%          2    None
 Call Canine Familiar     Summ           ########     0%          3    None
 Confusing Touch          Hex            ########     0%          3    None
 Conjure Flame            Conj/Fire      ########     0%          3    None
 Dazzling Flash           Conj/Hex       ######       0%          3    None
 Gell's Gravitas          Tloc           ########..   0%          3    None
 Ignite Poison            Fire/Tmut/Pois ########     0%          3    None
 Inner Flame              Hex/Fire       ########     0%          3    None
 Lesser Beckoning         Tloc           ########..   0%          3    None
 Mephitic Cloud           Conj/Pois/Air  ########     0%          3    None
 Ozocubu's Armour         Chrm/Ice       ########     0%          3    None
 Portal Projectile        Hex/Tloc       ######       0%          3    None
 Recall                   Summ/Tloc      N/A          0%          3    None
 Spectral Weapon          Hex/Chrm       ########     0%          3    None
 Spider Form              Tmut/Pois      ########..   0%          3    None
 Static Discharge         Conj/Air       ########     0%          3    None
 Stone Arrow              Conj/Erth      ######       0%          3    None
 Summon Guardian Golem    Hex/Summ       ########     0%          3    None
 Teleport Other           Tloc           ########     0%          3    None
 Tukima's Dance           Hex            ########     0%          3    None
 Vampiric Draining        Necr           ########..   0%          3    None
 Animate Dead             Necr           N/A          0%          4    None
 Cause Fear               Hex            ########..   0%          4    None
 Dispel Undead            Necr           ########     0%          4    None
 Fulminant Prism          Conj/Hex       ########..   0%          4    None
 Hailstorm                Conj/Ice       ########     0%          4    None
 Ice Form                 Ice/Tmut       ########     0%          4    None
 Iskenderun's Mystic Bla  Conj/Tloc      ########     0%          4    None
 Leda's Liquefaction      Hex/Erth       ########..   0%          4    None
 Olgreb's Toxic Radiance  Pois           ########     0%          4    None
 Petrify                  Tmut/Erth      ########     0%          4    None
 Sticky Flame             Conj/Fire      ########     0%          4    None
 Summon Ice Beast         Ice/Summ       ########     0%          4    None
 Agony                    Necr           ########     1%          5    None
 Alistair's Intoxication  Tmut/Pois      ########     1%          5    None
 Aura of Abjuration       Summ           ########..   1%          5    None
 Blade Hands              Tmut           ########..   1%          5    None
 Bolt of Magma            Conj/Fire/Erth ########..   1%          5    None
 Excruciating Wounds      Chrm/Necr      ########..   1%          5    None
 Fireball                 Conj/Fire      ########..   1%          5    None
 Iskenderun's Battlesphe  Conj/Chrm      ########     1%          5    None
 Lee's Rapid Deconstruct  Erth           ########..   1%          5    None
 Lightning Bolt           Conj/Air       ########..   1%          5    None
 Metabolic Englaciation   Hex/Ice        ########..   1%          5    None
 Summon Demon             Summ           ########..   1%          5    None
 Summon Forest            Summ/Tloc      ########..   1%          5    None
 Conjure Ball Lightning   Conj/Air       ########..   1%          6    None
 Dispersal                Tloc           ########..   1%          6    None
 Hydra Form               Tmut           ########..   1%          6    None
 Invisibility             Hex            ########     1%          6    None
 Ozocubu's Refrigeration  Ice            ########..   1%          6    None
 Shadow Creatures         Summ           N/A          1%          6    None
 Simulacrum               Ice/Necr       ########..   1%          6    None
 Dragon Form              Tmut           ########..   1%          7    None
 Orb of Destruction       Conj           ########..   1%          7    None
 Summon Hydra             Summ           ########..   1%          7    None
 Chain Lightning          Conj/Air       ########..   6%          8    #......
 Controlled Blink         Tloc           N/A          6%          8    #......
 Death's Door             Chrm/Necr      ########..   6%          8    #......
 Discord                  Hex            ########..   6%          8    #......
 Disjunction              Tloc           ########..   6%          8    #......
 Ignition                 Fire           ########..   6%          8    #......
 Lehudib's Crystal Spear  Conj/Erth      ########..   6%          8    #......
 Absolute Zero            Ice            ########..   67%         9    ####...
 Fire Storm               Conj/Fire      ########..   67%         9    ####...
 Shatter                  Erth           ########..   67%         9    ####...
 Tornado                  Air            ########..   67%         9    ####...


Dungeon Overview and Level Annotations

Branches:
Dungeon (15/15)            Temple (1/1) D:6            Lair (6/6) D:11
  Swamp (4/4) Lair:4       Spider (4/4) Lair:2        Slime (0/5) Lair:6
    Orc (2/2) D:12            Elf (3/3) Orc:2        Vaults (5/5) D:13
  Crypt (3/3) Vaults:2       Tomb (0/3) Crypt:3      Depths (5/5) D:15
    Zot (5/5) Depths:5    Volcano (visited)          WizLab (visited)

Altars:
Ashenzari
Cheibriados
Dithmenos
Elyvilon
Fedhas
Gozag
Hepliaklqana
Kikubaaqudgha
Makhleb
Nemelex Xobeh
Okawaru
Qazlal
Ru
Sif Muna
Trog
Uskayaw
Vehumet
Wu Jian
Xom
Yredelemnul
Zin
The Shining One
Beogh
Lugonu

Shops:
Orc:2 (*=[   Elf:3 %   Vaults:2 [   Vaults:3 (   Vaults:5 ?%!   Depths:1 ?::=
Depths:4 *[[!*

Portals:
Hell: Depths:1 Depths:2 Depths:3 Depths:4 Depths:5
Abyss: Depths:4
Pandemonium: Depths:3
Ziggurat: Depths:3

Annotations:
D:14 Roxanne
Lair:2 2 transporters, Weugil's ghost, journeyman HaBe
Lair:4 exclusion: 2 oklob plants
Spider:1 Gohat's ghost, journeyman HOBe
Elf:3 3 runed translucent doors, Soammui's ghost, adept MiBe
Vaults:3 1 runed translucent door, Zotwa's ghost, adept GnSk


Innate Abilities, Weirdness & Mutations

Your experience applies equally to all skills.
You have very sharp teeth.
Your uncanny sense of smell can sniff out nearby items.
Scrolls take you a little longer to read.
Your mind is acute. (Int +2)
You are somewhat resistant to further mutation.
You do not regenerate when monsters are visible.


Message History

You block the sixfirhy's attack. x3; The ufetubus completely misses you.
The ufetubus hits you but does no damage.
You climb upwards.
There is a stone staircase leading down here.
You closely miss the sixfirhy. You slash the sixfirhy! You slice the sixfirhy!!
You bite the sixfirhy, but do no damage.
You block the sixfirhy's attack.
You slice the sixfirhy!!
You kill the sixfirhy!
There is a stone staircase leading up here.
You climb upwards.
There is a stone staircase leading down here. 2 sixfirhies, an orange demon and a cacodemon come into view.
The orange demon screeches!
The sixfirhy barely misses you. The sixfirhy misses you.
You block the sixfirhy's attack.
Really read with blurry vision while enemies are nearby?
Okay, then.
You hear a grinding noise.
You block the sixfirhy's attack. The sixfirhy misses you.
You riposte.
You slash the sixfirhy! Your bite misses the sixfirhy. The sixfirhy misses you.
The cacodemon gestures at the rock wall.
You hear a grinding noise.
You block the sixfirhy's attack.
A gelid demonspawn comes into view. It is wielding a -3 mace.
You see here 9 bolts.
You block the sixfirhy's attack. x2; The sixfirhy completely misses you.
You riposte.
You miss the sixfirhy.
You bite the sixfirhy, but do no damage.
You block the sixfirhy's attack. x2
The sixfirhy hits you but does no damage.
The sixfirhy misses you.
You riposte.
You slash the sixfirhy! You block the sixfirhy's attack.
You hear a grinding noise.
The sixfirhy misses you. The sixfirhy completely misses you.
You block the sixfirhy's attack. The sixfirhy completely misses you.
You block the sixfirhy's attack. You block the sixfirhy's attack.
The sixfirhy completely misses you. The sixfirhy misses you.
Some rock shatters into small pieces.
The sixfirhy completely misses you. The sixfirhy barely misses you.
The sixfirhy completely misses you.
You block the sixfirhy's attack. x2; The sixfirhy completely misses you.
You riposte.
You slice the sixfirhy!! The sixfirhy hits you. The sixfirhy shocks you!
You hear a grinding noise.
There is a staircase leading out of the dungeon here.
The sixfirhy hits you. The sixfirhy shocks you!
You have escaped!

.......................###.....{{
................#.............#2#
................#....§#....###{#.
................###.###..........
...#....#####.......###...2#(....
####....# ##..#####.....6{.......
#....###..#.....#4..#.###.....
#....##..#.....3.#...# #.....
#....#..#....@3...#..####.....
#....##..#.......#..##........
#....###..#.....#..#..........
#..........#####..##..........
#................###..........
#........######### #..........
#........# #...###.... #........#
#...# #.... #........# #...#
#....


You could see an orange demon and 2 sixfirhies.

Vanquished Creatures
  A pandemonium lord (D:13)
  4 ancient liches
  8 orbs of fire
  Boris (4 times) (Depths:4 Crypt:1 Crypt:2 Crypt:3)
  5 Killer Klowns
  Bai Suzhen (Vaults:4)
  Saint Roka (Depths:3)
  A curse toe (Zot:5)
  12 golden dragons
  Nikola (Spider:2)
  2 bone dragons
  3 electric golems
  Rupert (D:12)
  23 tentacled monstrosities
  26 Orb Guardians
  2 deep elf blademasters (Elf:3)
  5 liches
  9 quicksilver dragons
  4 titans
  2 deep elf master archers (Elf:3)
  An Executioner (D:9)
  11 death cobs
  4 sphinxes
  6 ancient champions
  The ghost of popps the Tortoise, an adept MiBe of Trog (Swamp:4)
  Gastronok (Orc:1)
  Donald (Vaults:2)
  5 shadow dragons
  9 tengu reavers
  Agnes (D:15)
  7 draconian monks
  19 storm dragons
  4 revenants
  2 iron dragons
  The ghost of Zachydoop the Severer, a journeyman DsGl of Ru (Swamp:4)
  11 fire giants
  8 frost giants
  The ghost of Qemahefa the Bludgeoner, an adept GrFi of Okawaru (Swamp:4)
  6 draconian knights
  5 emperor scorpions
  A balrug (Depths:5)
  6 deep elf sorcerers
  An orc warlord (Orc:2)
  14 ghost moths
  2 curse skulls
  The ghost of Bolleh the Thaumaturge, a journeyman GnSk of Makhleb (Spider:2)
  Aizul (Swamp:2)
  7 ghouls
  11 draconian shifters
  4 draconian stormcallers
  8 draconian scorchers
  13 vault wardens
  20 very ugly things
  11 ironheart preservers
  10 draconian annihilators
  3 war gargoyles (Vaults:5)
  9 deep elf elementalists (Elf:3)
  25 stone giants
  13 green draconians
  8 vampire knights
  The ghost of Qeimiotua the Blocker, a journeyman MiFi of Okawaru (Lair:5)
  6 deep elf demonologists
  5 entropy weavers
  A juggernaut skeleton (Crypt:2)
  12 black draconians
  5 deep elf annihilators
  10 spark wasps
  The ghost of Nyzic the Grappler, a journeyman TrMo (Lair:4)
  12 red draconians
  21 purple draconians
  13 yellow draconians
  21 white draconians
  2 statues (WizLab)
  2 merfolk javelineers (Depths:5)
  16 ettins
  8 eidola
  An ettin (shapeshifter) (Elf:3)
  7 jiangshi
  9 deep elf death magi
  15 fire dragons
  Josephine (D:12)
  3 great orbs of eyes
  16 yaktaur captains
  A hell beast (Depths:1)
  4 deep elf high priests
  2 great orbs of eyes (shapeshifter)
  A quicksilver dragon skeleton (Crypt:3)
  6 rakshasas
  Fannar (D:11)
  15 hydras
  12 ice dragons
  13 centaur warriors
  3 spriggan air magi
  24 vault guards
  A ghost crab (Swamp:4)
  A queen ant (Lair:6)
  9 alligators
  18 ogre magi
  60 two-headed ogres
  9 deep troll shamans
  A death yak (shapeshifter) (Depths:3)
  4 tengu warriors
  26 dancing weapons
  7 death knights
  7 deep troll earth magi
  4 vampire magi
  A spriggan berserker (Depths:4)
  2 orc high priests
  A thrashing horror (Abyss:4)
  8 death scarabs (Spider:4)
  38 deep elf knights
  A storm dragon zombie (Vaults:3)
  Sonja (D:10)
  A sun demon (Depths:1)
  2 fire crabs (shapeshifter)
  5 iron trolls
  A spectral emperor scorpion (Spider:4)
  A spectral entropy weaver (Spider:2)
  A sixfirhy (D:2)
  4 titan skeletons (Crypt:3)
  3 fire crabs
  16 hell knights
  A spectral ghost moth (Spider:2)
  2 shadow wraiths
  An unseen horror (shapeshifter) (Vaults:5)
  A spatial maelstrom (Abyss:3)
  3 storm dragon skeletons
  3 unseen horrors
  42 skeletal warriors
  2 glowing orange brains (Depths:2)
  A shadow dragon zombie (Crypt:2)
  8 wizards
  19 deep elf archers
  6 flayed ghosts
  4 spriggan druids
  An orange crystal statue (Depths:2)
  An anaconda skeleton (Crypt:1)
  The ghost of iishen the Archer, a novice CeHu of Okawaru (D:7)
  7 spectral wolf spiders
  8 swamp dragons
  10 orc knights
  2 obsidian statues
  4 harpies
  2 golden dragon skeletons (Crypt:3)
  A wolf spider zombie (Spider:4)
  22 deep trolls
  A wolf spider (shapeshifter) (Depths:4)
  12 necromancers
  10 phantasmal warriors
  4 orc sorcerers
  14 orb spiders
  2 oklob plants (Lair:4)
  A fire giant zombie (Crypt:2)
  2 human zombies (Vaults:3)
  11 ironbrand convokers
  2 manticores (D:14)
  40 ugly things
  2 tengu skeletons
  25 wolf spiders
  A salamander (shapeshifter) (Depths:2)
  3 large abominations
  83 deep elf magi
  3 elephants (Lair:5)
  6 cyclopes
  6 starcursed masses (Abyss:4)
  A shadow dragon skeleton (Crypt:3)
  35 moths of wrath
  2 guardian serpents (shapeshifter)
  2 stone giant skeletons (Crypt:3)
  3 molten gargoyles (Lair:6)
  3 rust devils
  16 vault sentinels
  A dire elephant zombie (Abyss:3)
  5 centaur zombies
  A gargoyle (D:15)
  4 black mambas (Lair:6)
  11 spiny frogs
  A torpor snail (shapeshifter) (Vaults:5)
  5 spectral redbacks (Spider:4)
  2 storm dragon simulacra (Crypt:2)
  A centaur skeleton (D:13)
  A komodo dragon (shapeshifter) (Abyss:3)
  A kobold demonologist (D:12)
  An iron troll zombie (Crypt:1)
  2 redback zombies (Spider:4)
  9 freezing wraiths
  A golden dragon simulacrum (Depths:1)
  11 komodo dragons
  39 yaktaurs
  A yaktaur (shapeshifter) (Vaults:3)
  An ancient zyme (Abyss:3)
  A tormentor (Depths:2)
  5 tengu conjurers
  9 trolls
  12 demonic crawlers
  3 yaktaur skeletons
  A hellwing (D:4)
  A red devil (Depths:5)
  5 spectral tarantellas (Spider:4)
  3 human skeletons
  50 jumping spiders
  A pale draconian skeleton (Crypt:1)
  A queen bee (Lair:3)
  A spectral jumping spider (Spider:4)
  A polar bear (shapeshifter) (Elf:1)
  5 hornets
  6 tyrant leeches
  A wolf spider simulacrum (Spider:2)
  A hornet (shapeshifter) (Depths:1)
  A blink frog (shapeshifter) (Vaults:2)
  27 slime creatures
  A harpy skeleton (Crypt:3)
  3 bog bodies
  A raiju (shapeshifter) (Depths:2)
  Prince Ribbit (D:5)
  A hydra skeleton (Crypt:3)
  4 hippogriffs
  16 blink frogs
  A snapping turtle (shapeshifter) (Vaults:5)
  An ettin zombie (Vaults:3)
  2 spriggans (shapeshifter)
  A fire dragon skeleton (Crypt:2)
  9 flying skulls (Crypt:3)
  A shadow (Swamp:1)
  A deep troll skeleton (Depths:1)
  A vampire (D:14)
  A satyr skeleton (Crypt:1)
  An air elemental (Elf:1)
  2 ettin skeletons (Crypt:3)
  11 wraiths
  A spriggan (D:7)
  31 tarantellas
  A yak (shapeshifter) (Vaults:5)
  73 redbacks
  27 yaks
  5 hogs (D:15)
  5 wyverns (Lair:6)
  8 fire elementals
  13 water elementals
  A ynoxinul (Abyss:4)
  A human (shapeshifter) (Depths:2)
  12 humans (D:13)
  4 hungry ghosts
  A basilisk (Lair:6)
  A death yak simulacrum (Lair:5)
  A golden eye (shapeshifter) (Depths:3)
  A chaos spawn (Abyss:4)
  A neqoxec (Abyss:3)
  A yaktaur simulacrum (Vaults:1)
  3 steam dragons
  A redback simulacrum (Spider:2)
  9 vampire mosquitoes
  14 swamp worms
  6 wargs
  2 spatial vortices (Abyss:3)
  A spiny frog zombie (Crypt:1)
  A water nymph zombie (Crypt:1)
  An acid dragon (D:15)
  9 soldier ants
  7 hell hounds
  9 porcupines
  7 water moccasins
  A floating eye (Depths:3)
  A floating eye (shapeshifter) (Depths:4)
  3 spectral hornets (Spider:4)
  A hornet zombie (Spider:4)
  A spiny frog skeleton (Crypt:3)
  10 swamp drakes
  35 orc warriors
  3 sky beasts
  2 black bears
  A slave (D:5)
  A manticore zombie (Crypt:1)
  7 ice beasts
  A spectral torpor snail (Lair:5)
  A black mamba simulacrum (Crypt:2)
  5 necrophages
  46 ogres
  12 wolves
  An eye of draining (shapeshifter) (D:14)
  4 phantoms
  10 centaurs
  3 small abominations (Abyss:3)
  A boggart (shapeshifter) (Vaults:5)
  8 boggarts
  2 snapping turtle skeletons
  An octopode zombie (Crypt:1)
  5 big kobolds
  A rime drake skeleton (Crypt:3)
  15 crocodiles
  A hippogriff zombie (Crypt:3)
  15 bullfrogs
  2 earth elementals
  5 scorpions
  A cyclops skeleton (Crypt:1)
  2 wyvern skeletons
  A water moccasin skeleton (D:12)
  A hornet simulacrum (D:15)
  30 killer bees
  A shapeshifter zombie (Crypt:3)
  A swamp dragon simulacrum (Crypt:2)
  3 electric eels
  6 wights
  A howler monkey (D:8)
  5 crimson imps
  6 lava snakes
  A bullfrog zombie (D:12)
  6 hounds
  A quasit (D:10)
  7 orc priests
  2 bullfrog skeletons
  7 jellies
  15 orc wizards
  An iron imp (Abyss:3)
  5 iguanas
  21 worker ants
  A worker ant (shapeshifter) (Vaults:5)
  A killer bee zombie (D:6)
  2 hound zombies
  2 hound skeletons
  9 adders
  4 shadow imps
  A white imp (D:13)
  An ooze (D:4)
  2 adder skeletons (D:4)
  2 adder zombies (D:6)
  A barachi skeleton (Crypt:2)
  A dart slug (D:1)
  5 leopard geckos
  57 orcs
  7 giant cockroaches
  2 goblins
  6 hobgoblins
  15 jackals
  9 quokkas
  2 bats (D:1)
  4 frilled lizards
  A goblin zombie (Crypt:3)
  24 kobolds
  A leopard gecko skeleton (D:4)
  An orc skeleton (Crypt:1)
  A quokka skeleton (Crypt:2)
  4 rats
  2 crawling corpses (Elf:3)
  3 plants
2382 creatures vanquished.

Vanquished Creatures (collateral kills)
  An ancient lich (Zot:5)
  Mara (Depths:3)
  A Killer Klown (Zot:5)
  Margery (Depths:3)
  A tentacled monstrosity (Depths:5)
  2 quicksilver dragons
  Asterion (Vaults:1)
  2 ancient champions
  A storm dragon (Zot:3)
  A shadow dragon (Zot:3)
  The ghost of Keoguots the Thaumaturge, an adept GnSk of Makhleb (Swamp:4)
  A fire giant (Depths:4)
  A vault warden (Vaults:5)
  3 emperor scorpions
  A frost giant (Depths:4)
  A draconian stormcaller (Zot:5)
  2 ghouls (Crypt:2)
  3 ironheart preservers
  A green draconian (Zot:1)
  2 entropy weavers
  2 black draconians
  2 stone giants
  Azrael (Spider:1)
  An ettin (Vaults:5)
  A spark wasp (Spider:4)
  4 fire dragons
  2 deep elf death magi
  4 vault guards (Vaults:5)
  A great orb of eyes (Vaults:1)
  An ice dragon (Depths:5)
  3 hydras
  A catoblepas (D:13)
  An ogre mage (Volcano)
  An alligator (Swamp:4)
  6 two-headed ogres
  A deep troll shaman (Vaults:1)
  A hell knight (Depths:3)
  9 skeletal warriors
  A fire crab (Swamp:4)
  A flayed ghost (Crypt:2)
  5 deep trolls
  A spectral hydra (Lair:5)
  6 swamp dragons
  A wolf spider zombie (D:11)
  An orb spider (Spider:2)
  A necromancer (Depths:3)
  A deep elf mage (Elf:2)
  A spectral wolf spider (Spider:4)
  5 ugly things
  2 wolf spiders
  An orc knight (Orc:2)
  An orc sorcerer (Orc:2)
  A cyclops (Orc:2)
  A centaur zombie (D:11)
  A black mamba (Lair:6)
  A gargoyle (D:14)
  2 spiny frogs
  A spectral redback (Spider:4)
  A demonic crawler (Lair:2)
  A rime drake (Lair:3)
  A komodo dragon (Lair:4)
  A yaktaur (Vaults:1)
  2 freezing wraiths
  A spectral moth of wrath (Spider:2)
  A troll (D:10)
  A hydra zombie (Abyss:3)
  A jumping spider (Spider:1)
  A minotaur skeleton (Crypt:2)
  A tyrant leech (Swamp:4)
  3 bog bodies
  A raiju (shapeshifter) (Depths:3)
  A hippogriff (Lair:2)
  A jumping spider zombie (Spider:4)
  4 slime creatures
  5 blink frogs
  A shadow (D:13)
  A redback (Spider:2)
  3 wraiths
  A fire dragon skeleton (Abyss:3)
  7 humans (D:13)
  A wyvern (D:13)
  15 yaks
  A yak (shapeshifter) (Vaults:2)
  4 vampire mosquitoes
  A wind drake skeleton (Crypt:2)
  2 wargs
  A swamp worm (Swamp:2)
  An acid dragon (D:11)
  A hell hound (Spider:1)
  A hydra simulacrum (Lair:5)
  3 water moccasins
  2 tarantella simulacra (Spider:2)
  A swamp drake (Swamp:1)
  A hornet zombie (D:10)
  An ice beast (D:6)
  A phantom (D:6)
  A black bear (D:12)
  19 orc warriors
  5 ogres
  A black mamba simulacrum (Lair:5)
  An ettin simulacrum (Vaults:1)
  8 wolves
  2 big kobolds
  3 bullfrogs
  An orb spider simulacrum (Spider:2)
  A scorpion (D:11)
  8 wights
  3 killer bees (D:10)
  A lava snake (Swamp:4)
  A hound (D:5)
  A quasit (D:5)
  6 orc priests
  A bullfrog skeleton (D:11)
  2 centaur skeletons
  4 worker ants
  11 orc wizards
  A howler monkey zombie (D:5)
  3 adders
  A howler monkey skeleton (D:5)
  2 worms (D:2)
  2 dart slugs (D:1)
  31 orcs
  2 bats
  2 giant cockroaches (D:1)
  6 hobgoblins
  3 kobolds
  A quokka (D:2)
  2 ball pythons (D:1)
  A frilled lizard (D:3)
  A goblin (D:3)
  A leopard gecko skeleton (D:8)
  A plant (Lair:2)
322 creatures vanquished.

Vanquished Creatures (others)
  A bone dragon (Crypt:3)
  2 Orb Guardians (Zot:5)
  A quicksilver dragon (Zot:3)
  Kirke (D:15)
  2 vault wardens (Vaults:5)
  A draconian annihilator (Zot:5)
  A deep elf high priest (Vaults:5)
  A yaktaur captain (Vaults:5)
  2 vault guards (Vaults:5)
  A two-headed ogre (Vaults:5)
  A skeletal warrior (Crypt:1)
  A swamp dragon (Swamp:4)
  A deep elf archer (Elf:1)
  A deep elf mage (Vaults:3)
  Psyche (D:8)
  A jumping spider (Spider:3)
  A blink frog (Swamp:4)
  A water elemental (Elf:1)
  A steam dragon (Swamp:4)
  3 swamp drakes
  An ogre (Vaults:5)
  A centaur (Vaults:2)
  A kobold (D:14)
  13 fungi
  3 plants
44 creatures vanquished.

Grand Total: 2748 creatures vanquished

Notes
Turn   | Place    | Note
-------+----------+-------------------------------------------
     0 | D:1      | PublicAnimeNo1 the Gnoll Summoner began the quest for the
                  | Orb.
     0 | D:1      | Reached XP level 1. HP: 13/13 MP: 6/6
   319 | D:1      | Reached XP level 2. HP: 12/19 MP: 5/7
   326 | D:1      | Learned a level 2 spell: Call Imp
   941 | D:1      | Reached XP level 3. HP: 25/25 MP: 9/9
  1108 | D:2      | Reached skill level 5 in Spellcasting
  1299 | D:2      | Reached skill level 1 in Invocations
  1830 | D:2      | Reached skill level 1 in Fighting
  1830 | D:2      | Reached skill level 1 in Short Blades
  1830 | D:2      | Reached skill level 1 in Long Blades
  1830 | D:2      | Reached skill level 1 in Axes
  1830 | D:2      | Reached skill level 1 in Maces & Flails
  1830 | D:2      | Reached skill level 1 in Polearms
  1830 | D:2      | Reached skill level 1 in Staves
  1830 | D:2      | Reached skill level 1 in Slings
  1830 | D:2      | Reached skill level 1 in Bows
  1830 | D:2      | Reached skill level 1 in Crossbows
  1830 | D:2      | Reached skill level 1 in Throwing
  1830 | D:2      | Reached skill level 1 in Armour
  1830 | D:2      | Reached skill level 1 in Shields
  1830 | D:2      | Reached skill level 1 in Unarmed Combat
  1830 | D:2      | Reached skill level 1 in Evocations
  1973 | D:2      | Reached XP level 4. HP: 32/32 MP: 11/11
  2595 | D:3      | Reached skill level 4 in Long Blades
  2595 | D:3      | Reached skill level 5 in Stealth
  2595 | D:3      | Reached XP level 5. HP: 42/42 MP: 12/14
  2642 | D:3      | Learned a level 4 spell: Summon Lightning Spire
  3181 | D:3      | Found an ornate altar of the Wu Jian Council.
  3230 | D:3      | Found an iron altar of Okawaru.
  3320 | D:4      | Reached XP level 6. HP: 44/48 MP: 15/15
  3753 | D:4      | Found a shadowy altar of Dithmenos.
  3763 | D:4      | Reached XP level 7. HP: 54/54 MP: 16/16
  3896 | D:5      | Entered Level 5 of the Dungeon
  4153 | D:5      | Noticed Prince Ribbit
  4157 | D:5      | Killed Prince Ribbit
  4357 | D:5      | Reached XP level 8. HP: 61/61 MP: 18/18
  4391 | D:5      | Reached skill level 5 in Invocations
  5075 | D:5      | You fall into a shaft and drop 1 floor!
  5192 | D:6      | Found a blossoming altar of Fedhas.
  6092 | D:6      | Reached XP level 9. HP: 32/67 MP: 16/19
  6492 | D:6      | Found a staircase to the Ecumenical Temple.
  6508 | Temple   | Entered the Ecumenical Temple
  6699 | Temple   | Became a worshipper of Ashenzari the Shackled
  6738 | D:6      | Reached skill level 5 in Fighting
  6738 | D:6      | Reached skill level 5 in Short Blades
  6738 | D:6      | Reached skill level 5 in Long Blades
  6738 | D:6      | Reached skill level 5 in Axes
  6738 | D:6      | Reached skill level 5 in Maces & Flails
  6738 | D:6      | Reached skill level 5 in Polearms
  6738 | D:6      | Reached skill level 5 in Staves
  6738 | D:6      | Reached skill level 5 in Slings
  6738 | D:6      | Reached skill level 5 in Bows
  6738 | D:6      | Reached skill level 5 in Crossbows
  6738 | D:6      | Reached skill level 5 in Throwing
  6738 | D:6      | Reached skill level 5 in Armour
  6738 | D:6      | Reached skill level 5 in Shields
  6738 | D:6      | Reached skill level 5 in Unarmed Combat
  6738 | D:6      | Reached skill level 5 in Evocations
  7293 | D:7      | Got the cursed helmet of the Prince {rElec MR+ Str+6 Dex-4}
  7302 | D:7      | Identified the cursed -6 helmet of the Prince {rElec MR+
                  | Str+6 Dex-4} (You found it on level 7 of the Dungeon)
  7408 | D:7      | Found a runed translucent gate.
  7410 | D:7      | Found a runed translucent gate.
  7410 | D:7      | Found a runed translucent gate.
  7433 | D:7      | Identified the +6 plate armour "Deqipnos" {Str+3}
  7439 | D:7      | Noticed iishen's ghost (novice CeHu)
  7446 | D:7      | Found a roughly hewn altar of Beogh.
  7587 | D:7      | Reached * piety under Ashenzari
  8150 | D:8      | Noticed Psyche
  8157 | D:8      | Killed Psyche
  8833 | D:8      | Reached XP level 10. HP: 73/74 MP: 21/21
  9256 | D:9      | Learned a level 1 spell: Animate Skeleton
  9258 | D:9      | Learned a level 1 spell: Apportation
  9266 | D:9      | Noticed a two-headed ogre
  9294 | D:9      | Killed a two-headed ogre
 10841 | D:10     | Entered Level 10 of the Dungeon
 10872 | D:10     | Reached ** piety under Ashenzari
 10956 | D:10     | Identified a scroll of acquirement
 10956 | D:10     | Identified the Grimoire of Supportive Attacks (You acquired
                  | it on level 10 of the Dungeon)
 11687 | D:10     | Reached skill level 6 in Long Blades
 11703 | D:10     | Reached skill level 5 in Conjurations
 11703 | D:10     | Reached skill level 5 in Hexes
 11703 | D:10     | Reached skill level 5 in Charms
 11703 | D:10     | Reached skill level 5 in Necromancy
 11703 | D:10     | Reached skill level 5 in Translocations
 11703 | D:10     | Reached skill level 5 in Transmutations
 11703 | D:10     | Reached skill level 5 in Fire Magic
 11703 | D:10     | Reached skill level 5 in Ice Magic
 11703 | D:10     | Reached skill level 5 in Air Magic
 11703 | D:10     | Reached skill level 5 in Earth Magic
 11703 | D:10     | Reached skill level 5 in Poison Magic
 12092 | D:10     | Reached XP level 11. HP: 50/81 MP: 18/23
 12715 | D:10     | Noticed Sonja
 12727 | D:10     | Killed Sonja
 12914 | D:11     | Noticed a two-headed ogre
 12928 | D:11     | Found a staircase to the Lair.
 13565 | D:11     | Noticed a seven-headed hydra
 13870 | D:7      | Killed iishen's ghost
 14009 | D:7      | Got the uncursed cloak of Protective Custody {rC+ Int+5}
 14021 | D:7      | Identified the +1 cloak of Protective Custody {rC+ Int+5}
                  | (You found it on level 7 of the Dungeon)
 14130 | D:11     | Killed a seven-headed hydra
 14327 | D:11     | Noticed Fannar
 14497 | D:11     | Learned a level 4 spell: Summon Ice Beast
 14588 | D:11     | Killed a two-headed ogre
 14649 | D:11     | Killed Fannar
 15058 | D:11     | Learned a level 2 spell: Poisonous Vapours
 15422 | Lair:1   | Entered Level 1 of the Lair of Beasts
 15427 | Lair:1   | Noticed a five-headed hydra
 15491 | Lair:1   | Killed a five-headed hydra
 15860 | Lair:1   | Found the +6 shillelagh "Devastator" {shatter}
 15919 | Lair:1   | Reached XP level 12. HP: 86/89 MP: 13/24
 16016 | Lair:1   | Reached skill level 7 in Long Blades
 16068 | Lair:1   | Noticed an eight-headed hydra
 16076 | Lair:1   | Killed an eight-headed hydra
 16297 | Lair:1   | Reached *** piety under Ashenzari
 16473 | Lair:2   | Found a transporter.
 16480 | Lair:2   | Found a transporter.
 16480 | Lair:2   | Noticed Weugil's ghost (journeyman HaBe)
 16528 | Lair:2   | Found a hole to the Spider Nest.
 20807 | Lair:4   | Found a staircase to the Swamp.
 21063 | Lair:4   | Reached **** piety under Ashenzari
 21070 | Lair:4   | Found a runed translucent gate.
 21072 | Lair:4   | Found a runed translucent gate.
 21072 | Lair:4   | Found a runed translucent gate.
 21074 | Lair:4   | Noticed Nyzic's ghost (journeyman TrMo)
 21152 | Lair:4   | Reached XP level 13. HP: 92/98 MP: 16/26
 22141 | Lair:5   | Reached skill level 8 in Long Blades
 22849 | Lair:5   | Found a runed translucent gate.
 22849 | Lair:5   | Found a runed translucent gate.
 22851 | Lair:5   | Found a runed translucent gate.
 22854 | Lair:5   | Noticed Qeimiotua's ghost (journeyman MiFi)
 23002 | Lair:6   | Entered Level 6 of the Lair of Beasts
 23041 | Lair:6   | Noticed an entropy weaver
 23041 | Lair:6   | Noticed an entropy weaver
 23695 | D:12     | Found a staircase to the Orcish Mines.
 23833 | D:12     | Noticed Rupert
 23858 | Orc:1    | Entered Level 1 of the Orcish Mines
 23858 | Orc:1    | Noticed Gastronok
 23882 | Orc:1    | Killed Gastronok
 23945 | Orc:1    | Reached skill level 10 in Summonings
 24151 | Orc:1    | Found a dark tunnel.
 24156 | Volcano  | Entered a volcano
 24268 | Volcano  | Noticed a red draconian
 24285 | Volcano  | Killed a red draconian
 24944 | Orc:1    | Found a bloodstained altar of Trog.
 25070 | Orc:2    | Entered Level 2 of the Orcish Mines
 25389 | Orc:2    | Found Beqex's Antique Armour Emporium.
 25750 | Orc:2    | Reached skill level 10 in Spellcasting
 25787 | Orc:2    | Learned a level 3 spell: Mephitic Cloud
 25858 | Orc:2    | Noticed an orc warlord
 25880 | Orc:2    | Killed an orc warlord
 26092 | Orc:2    | Found Mitam's General Store.
 26101 | Orc:2    | Bought a scroll of remove curse for 45 gold pieces
 26110 | Orc:2    | Found Seqoil's Antique Weapon Boutique.
 26116 | Orc:2    | Found a staircase to the Elven Halls.
 26407 | Orc:2    | Reached XP level 14. HP: 67/106 MP: 17/28
 26481 | Orc:2    | Noticed a stone giant
 26690 | Orc:2    | Killed a stone giant
 26837 | Orc:2    | Found Bepessap's Jewellery Shoppe.
 26933 | Orc:2    | Reached ***** piety under Ashenzari
 27116 | D:12     | Noticed Josephine
 27308 | D:12     | Reached skill level 10 in Dodging
 27885 | D:13     | Reached skill level 9 in Long Blades
 28569 | D:13     | Reached skill level 10 in Stealth
 28680 | D:13     | Found a glowing golden altar of the Shining One.
 28704 | D:13     | Found an iron altar of Okawaru.
 29100 | D:13     | Reached skill level 10 in Invocations
 29207 | D:13     | Found a gate to the Vaults.
 29912 | D:13     | Found the cursed +9 staff of Olgreb {rPois∞}
 30219 | D:14     | Identified Roxanne's Disquisition on Shape Shifting
 30219 | D:14     | Noticed Roxanne
 30500 | Spider:1 | Entered Level 1 of the Spider Nest
 30806 | Spider:1 | Identified the +2 robe of Honesty {rN+}
 30807 | Spider:1 | Noticed an entropy weaver
 30817 | Spider:1 | Killed an entropy weaver
 31030 | Spider:1 | Noticed Azrael
 31038 | Spider:1 | Killed Azrael
 31315 | Spider:1 | Reached XP level 15. HP: 91/114 MP: 24/29
 31621 | Spider:1 | Found a transporter.
 31624 | Spider:1 | Noticed Gohat's ghost (journeyman HOBe)
 31625 | Spider:1 | Identified the amulet "Viefiab" {Acrobat rF+}
 31630 | Spider:1 | Noticed an emperor scorpion
 31631 | Spider:1 | Noticed an emperor scorpion
 31633 | Spider:1 | Noticed an emperor scorpion
 31660 | Spider:1 | Found a transporter.
 31748 | Spider:2 | Identified the cursed +0 ring mail "Sewehyps" {rElec rPois
                  | Slay+5}
 31775 | Spider:2 | Noticed a ghost moth
 31788 | Spider:2 | Killed a ghost moth
 32505 | Spider:2 | Noticed an emperor scorpion
 32527 | Spider:2 | Killed an emperor scorpion
 32659 | Spider:2 | Reached skill level 10 in Fighting
 32659 | Spider:2 | Reached skill level 10 in Short Blades
 32659 | Spider:2 | Reached skill level 10 in Long Blades
 32659 | Spider:2 | Reached skill level 10 in Axes
 32659 | Spider:2 | Reached skill level 10 in Maces & Flails
 32659 | Spider:2 | Reached skill level 10 in Polearms
 32659 | Spider:2 | Reached skill level 10 in Staves
 32659 | Spider:2 | Reached skill level 10 in Slings
 32659 | Spider:2 | Reached skill level 10 in Bows
 32659 | Spider:2 | Reached skill level 10 in Crossbows
 32659 | Spider:2 | Reached skill level 10 in Throwing
 32659 | Spider:2 | Reached skill level 10 in Armour
 32659 | Spider:2 | Reached skill level 10 in Shields
 32659 | Spider:2 | Reached skill level 10 in Unarmed Combat
 32659 | Spider:2 | Reached skill level 10 in Evocations
 33059 | Spider:2 | Noticed a ghost moth
 33075 | Spider:2 | Killed a ghost moth
 33338 | Spider:2 | Found a runed translucent gate.
 33338 | Spider:2 | Found a runed translucent gate.
 33339 | Spider:2 | Found a runed translucent gate.
 33340 | Spider:2 | Noticed Bolleh's ghost (journeyman GnSk)
 33422 | Spider:2 | Noticed Nikola
 33440 | Spider:2 | Killed Nikola
 34878 | Spider:3 | Reached XP level 16. HP: 123/123 MP: 22/31
 35160 | Spider:3 | Reached ****** piety under Ashenzari
 35714 | Spider:4 | Entered Level 4 of the Spider Nest
 38225 | D:15     | Entered Level 15 of the Dungeon
 38477 | D:15     | Noticed Kirke
 38486 | D:15     | Noticed a sphinx
 38493 | D:15     | Killed Kirke
 38699 | D:15     | Noticed Agnes
 38738 | D:15     | Killed Agnes
 38820 | D:15     | Reached skill level 11 in Long Blades
 39749 | D:15     | Reached XP level 17. HP: 124/131 MP: 30/33
 39777 | D:15     | Learned a level 5 spell: Fireball
 39783 | D:15     | Learned a level 5 spell: Yara's Violent Unravelling
 39920 | D:15     | Found a staircase to the Depths.
 40807 | Lair:6   | Found a staircase to the Slime Pits.
 40898 | Lair:6   | Found a large runed translucent door.
 41058 | Lair:6   | Found a large runed translucent door.
 41943 | Swamp:1  | Entered Level 1 of the Swamp
 41962 | Swamp:1  | Identified the +1 robe "Uruwuti" {Regen+ rCorr Str-3 Int-3}
 43114 | Swamp:1  | Upgraded the game from 0.25-a0-936-gcfa9253 to
                  | 0.25-a0-940-gc6eaff5
 43766 | Swamp:2  | Noticed Aizul
 43800 | Swamp:2  | Killed Aizul
 44964 | Swamp:4  | Entered Level 4 of the Swamp
 45239 | Swamp:4  | Reached skill level 10 in Conjurations
 45239 | Swamp:4  | Reached skill level 10 in Hexes
 45239 | Swamp:4  | Reached skill level 10 in Charms
 45239 | Swamp:4  | Reached skill level 10 in Necromancy
 45239 | Swamp:4  | Reached skill level 10 in Translocations
 45239 | Swamp:4  | Reached skill level 10 in Transmutations
 45239 | Swamp:4  | Reached skill level 10 in Fire Magic
 45239 | Swamp:4  | Reached skill level 10 in Ice Magic
 45239 | Swamp:4  | Reached skill level 10 in Air Magic
 45239 | Swamp:4  | Reached skill level 10 in Earth Magic
 45239 | Swamp:4  | Reached skill level 10 in Poison Magic
 45690 | Swamp:4  | Reached XP level 18. HP: 137/139 MP: 34/34
 45834 | Swamp:4  | Noticed Zachydoop's ghost (journeyman DsGl)
 45834 | Swamp:4  | Noticed popps's ghost (adept MiBe)
 45834 | Swamp:4  | Noticed Keoguots's ghost (adept GnSk)
 45834 | Swamp:4  | Noticed Qemahefa's ghost (adept GrFi)
 45847 | Swamp:4  | Found a runed translucent gate.
 45847 | Swamp:4  | Found a runed translucent gate.
 45847 | Swamp:4  | Found a runed translucent gate.
 46235 | Elf:1    | Entered Level 1 of the Elven Halls
 46254 | Elf:1    | Found a magical portal.
 46978 | WizLab   | Learned a level 5 spell: Silence
 47326 | WizLab   | Reached skill level 12 in Long Blades
 47811 | WizLab   | Identified Iskenderun's Handbook of Conjuration
 47811 | WizLab   | Identified Iskenderun's Handbook of Confrontation
 48017 | Elf:1    | Identified the ring "Dinkoerulu" {Dex+3 Stlth+}
 48511 | Elf:1    | Identified the cursed +0 chain mail of Kindness {rElec
                  | Int+3}
 48637 | Elf:1    | Learned a level 5 spell: Irradiate
 49782 | Elf:1    | Paralysed by a wizard for 6 turns
 50426 | Orc:2    | Upgraded the game from 0.25-a0-940-gc6eaff5 to
                  | 0.25-a0-942-g87a5396
 50757 | Spider:1 | Reached XP level 19. HP: 123/147 MP: 25/36
 52041 | Spider:2 | Killed Bolleh's ghost
 52645 | Spider:4 | Reached skill level 13 in Long Blades
 53890 | Spider:4 | Learned a level 2 spell: Blink
 53895 | Spider:4 | Learned a level 4 spell: Passage of Golubria
 54133 | Spider:4 | Got a gossamer rune of Zot
 54397 | Vaults:1 | Entered Level 1 of the Vaults
 54765 | Vaults:1 | Paralysed by an ogre mage for 4 turns
 55186 | Vaults:1 | Found a snail-covered altar of Cheibriados.
 55388 | Vaults:1 | Noticed Asterion
 55401 | Vaults:1 | Killed Asterion
 55504 | Vaults:1 | Paralysed by an ogre mage for 2 turns
 55926 | Vaults:1 | Reached XP level 20. HP: 151/155 MP: 31/37
 56239 | Vaults:1 | Reached skill level 14 in Long Blades
 56519 | Vaults:2 | Found Dairok's Armour Emporium.
 56579 | Vaults:2 | Found a flickering gateway to a bazaar.
 56604 | Bazaar   | Entered a bazaar
 56608 | Bazaar   | Found Roiwij's Antique Weapon Boutique.
 56626 | Bazaar   | Found Faxud's Antique Weapon Emporium.
 56643 | Bazaar   | Found Zinek's Weapon Boutique.
 56660 | Bazaar   | Found Viasat's Weapon Shoppe.
 56697 | Bazaar   | Bought the +7 captain's cutlass {speed, disarm} for 864
                  | gold pieces
 56697 | Bazaar   | Found the +7 captain's cutlass {speed, disarm}
 57624 | Vaults:2 | Cast into level 3 of the Abyss (a deep elf sorcerer)
 57801 | Abyss:3  | Paralysed by accursed screaming for 1 turns
 57995 | Abyss:3  | Noticed a hellephant
 58000 | Abyss:3  | Noticed a hellephant
 58100 | Abyss:3  | Noticed a bone dragon
 58268 | Abyss:3  | Noticed an ancient lich
 58482 | Abyss:4  | Found a corrupted altar of Lugonu.
 58490 | Abyss:4  | Found a corrupted altar of Lugonu.
 58490 | Abyss:4  | Found a transporter.
 58491 | Abyss:4  | Identified the ring "Vewiaph" {*Tele rPois MP+9 Dex+2}
 58505 | Abyss:4  | Found a corrupted altar of Lugonu.
 58556 | Abyss:4  | Paralysed by accursed screaming for 1 turns
 58569 | Abyss:4  | Paralysed by accursed screaming for 1 turns
 58660 | Abyss:4  | Noticed a bone dragon
 58681 | Vaults:2 | Escaped the Abyss
 59362 | Vaults:2 | Found a staircase to the Crypt.
 59419 | Vaults:2 | Noticed Donald
 59429 | Vaults:2 | Killed Donald
 60301 | Vaults:3 | Reached XP level 21. HP: 132/163 MP: 33/39
 60589 | Vaults:3 | Reached skill level 15 in Long Blades
 60763 | Vaults:3 | Found Faty's Weapon Emporium.
 62300 | Vaults:3 | Found a runed translucent door.
 62300 | Vaults:3 | Found a shimmering altar of Xom.
 62300 | Vaults:3 | Noticed Zotwa's ghost (adept GnSk)
 62301 | Vaults:3 | Found the +3 robe of Folly {Archmagi, MR-- Int+5}
 63189 | Vaults:4 | Identified the ring of Qenuogh {+Fly rF+ rN+}
 63289 | Vaults:4 | Reached skill level 15 in Invocations
 64005 | Vaults:4 | Noticed Bai Suzhen
 64028 | Vaults:4 | Killed Bai Suzhen
 64800 | Elf:2    | Reached XP level 22. HP: 172/172 MP: 40/40
 64993 | Elf:2    | Found a runed translucent gate.
 65038 | Elf:2    | Reached skill level 16 in Long Blades
 65270 | Elf:2    | Found a runed translucent gate.
 65273 | Elf:2    | Found a runed translucent gate.
 65703 | Elf:2    | Reached skill level 15 in Spellcasting
 65983 | Elf:3    | Entered Level 3 of the Elven Halls
 65983 | Elf:3    | Found Yfriocri's Food Shop.
 66221 | Elf:3    | Reached skill level 15 in Dodging
 66646 | Elf:2    | Learned a level 6 spell: Freezing Cloud
 66973 | Elf:3    | Found a runed translucent gate.
 66973 | Elf:3    | Found a runed translucent gate.
 67042 | Elf:3    | Reached skill level 15 in Stealth
 67242 | Elf:3    | Found a runed translucent gate.
 67242 | Elf:3    | Noticed Soammui's ghost (adept MiBe)
 67469 | Elf:3    | Identified the cursed +1 battleaxe of Wrath {vorpal, *Slow
                  | rC- rN++ Stlth+}
 67582 | Elf:3    | Identified the +3 leather armour of Pantheism {rElec rF+
                  | rN+ Int-5}
 67583 | Elf:3    | Identified the ring "Seol" {+Inv Str+3}
 67584 | Elf:3    | Identified the cursed +2 war axe of Solemu {vamp, Stlth+}
 67728 | Elf:3    | Identified the +8 falchion of the Endless Expanse {distort,
                  | Str+2 Int+3}
 67840 | Elf:3    | Identified the ring of the Seer {+Inv MR+ Str-2 Stlth+}
 67999 | Elf:3    | Identified the +2 mace "Killer Klown's Foe" {antimagic,
                  | Int+4}
 68401 | Elf:3    | Learned a level 5 spell: Borgnjor's Vile Clutch
 68408 | Elf:3    | Learned a level 5 spell: Summon Mana Viper
 68582 | D:12     | Killed Rupert
 68583 | D:12     | Killed Josephine
 68819 | Lair:5   | Killed Qeimiotua's ghost
 68914 | Lair:4   | Reached XP level 23. HP: 175/179 MP: 22/42
 69242 | Swamp:4  | Killed Qemahefa's ghost
 69256 | Swamp:4  | Gained mutation: Your body sometimes deteriorates upon
                  | taking damage. [you]
 69256 | Swamp:4  | Killed popps's ghost
 69262 | Swamp:4  | Killed Keoguots's ghost
 69283 | Swamp:4  | Killed Zachydoop's ghost
 69894 | Swamp:4  | Got a decaying rune of Zot
 70057 | Lair:4   | Killed Nyzic's ghost
 70333 | Depths:1 | Entered Level 1 of the Depths
 70445 | Depths:1 | Found Xephoam's Jewellery Emporium.
 70446 | Depths:1 | Found Letog's Book Emporium.
 70446 | Depths:1 | Found Citopt's Book Shoppe.
 70451 | Depths:1 | Found Vesoh's Magic Scroll Shoppe.
 70462 | Depths:1 | Reached skill level 17 in Long Blades
 70539 | Depths:1 | Bought a scroll of remove curse for 33 gold pieces
 70646 | Depths:1 | Found a gateway to Hell.
 70794 | Depths:1 | Found a shattered altar of Ashenzari.
 72291 | Depths:2 | Gained mutation: You are clumsy. (Dex -2) [you]
 72345 | Depths:2 | Lost mutation: Your body sometimes deteriorates upon taking
                  | damage. [potion of mutation]
 72345 | Depths:2 | Lost mutation: You are clumsy. (Dex -2) [potion of
                  | mutation]
 72345 | Depths:2 | Gained mutation: You are weak. (Str -2) [potion of
                  | mutation]
 72345 | Depths:2 | Gained mutation: Scrolls take you a little longer to read.
                  | [potion of mutation]
 72345 | Depths:2 | Gained mutation: You are partially covered in iridescent
                  | scales. (AC +2) [potion of mutation]
 72345 | Depths:2 | Gained mutation: You are partially covered in rugged brown
                  | scales. (AC +1, +3% HP) [potion of mutation]
 72346 | Depths:2 | Lost mutation: You are partially covered in rugged brown
                  | scales. (AC +1, +3% HP) [potion of mutation]
 72346 | Depths:2 | Lost mutation: You are weak. (Str -2) [potion of mutation]
 72346 | Depths:2 | Lost mutation: Scrolls take you a little longer to read.
                  | [potion of mutation]
 72346 | Depths:2 | Gained mutation: Your mind is acute. (Int +2) [potion of
                  | mutation]
 72346 | Depths:2 | Gained mutation: Your body sometimes deteriorates upon
                  | taking damage. [potion of mutation]
 72346 | Depths:2 | Gained mutation: Your muscles are strong. (Str +2) [potion
                  | of mutation]
 72368 | Depths:2 | Reached skill level 15 in Fighting
 72368 | Depths:2 | Reached skill level 15 in Short Blades
 72368 | Depths:2 | Reached skill level 15 in Axes
 72368 | Depths:2 | Reached skill level 15 in Maces & Flails
 72368 | Depths:2 | Reached skill level 15 in Polearms
 72368 | Depths:2 | Reached skill level 15 in Staves
 72368 | Depths:2 | Reached skill level 15 in Slings
 72368 | Depths:2 | Reached skill level 15 in Bows
 72368 | Depths:2 | Reached skill level 15 in Crossbows
 72368 | Depths:2 | Reached skill level 15 in Throwing
 72368 | Depths:2 | Reached skill level 15 in Armour
 72368 | Depths:2 | Reached skill level 15 in Shields
 72368 | Depths:2 | Reached skill level 15 in Unarmed Combat
 72368 | Depths:2 | Reached skill level 15 in Evocations
 72556 | Depths:2 | Found a runed translucent door.
 72562 | Depths:2 | Found a runed translucent door.
 72562 | Depths:2 | Noticed a golden dragon
 72687 | Depths:2 | Killed a golden dragon
 73345 | Depths:3 | Found a one-way gate leading to the halls of Pandemonium.
 73542 | Depths:3 | Found a gateway to a ziggurat.
 73746 | Depths:3 | Noticed Margery
 73765 | Depths:3 | Killed Margery
 73779 | Depths:3 | Noticed Saint Roka
 73806 | Depths:3 | Killed Saint Roka
 74187 | Depths:3 | Reached XP level 24. HP: 133/189 MP: 40/42
 74251 | Depths:3 | Noticed Mara
 74262 | Depths:3 | Noticed PublicAnimeNo1's illusion
 74849 | Depths:3 | Killed Mara
 75098 | Depths:3 | Reached skill level 18 in Long Blades
 75228 | Depths:4 | Found Adias's Armour Shop.
 75287 | Depths:4 | Found Readac's Distillery.
 75290 | Depths:4 | Bought a potion of heal wounds for 90 gold pieces
 75322 | Depths:4 | Found Zerump's General Store.
 75339 | Depths:4 | Bought a scroll of remove curse for 72 gold pieces
 75483 | Depths:4 | Noticed Boris
 75516 | Depths:4 | Killed Boris
 75849 | Depths:4 | Found a corrupted altar of Lugonu.
 75849 | Depths:4 | Found a one-way gate to the infinite horrors of the Abyss.
 76218 | Depths:4 | Found Xodasuept's General Store.
 76238 | Depths:4 | Bought a scroll of remove curse for 60 gold pieces
 76404 | Depths:4 | Found Qubivi Midesk's Antique Armour Boutique.
 76412 | Depths:4 | Bought a glowing helmet for 262 gold pieces
 77119 | Depths:5 | Entered Level 5 of the Depths
 77572 | Depths:5 | Reached skill level 15 in Summonings
 77873 | Depths:5 | Reached XP level 25. HP: 165/197 MP: 28/43
 79244 | Depths:5 | Found a gate to the Realm of Zot.
 80008 | Vaults:4 | Learned a level 6 spell: Death Channel
 80016 | Vaults:4 | Learned a level 6 spell: Eringya's Noxious Bog
 80017 | Vaults:5 | Entered Level 5 of the Vaults
 80034 | Vaults:5 | Reached skill level 19 in Long Blades
 80217 | Vaults:5 | Paralysed by an ogre mage for 6 turns
 80365 | Vaults:5 | Identified the +5 hand crossbow of the Revolution {venom,
                  | rN++ Dex+4}
 80726 | Vaults:5 | Got the cursed hand axe "Ziobbaej" {freeze, *Noise +Inv
                  | +Fly Dex+3}
 80730 | Vaults:5 | Got a silver rune of Zot
 81190 | Vaults:5 | Paralysed by a sphinx for 4 turns
 81196 | Vaults:5 | Reached XP level 26. HP: 117/206 MP: 43/43
 81556 | Vaults:5 | Found Xivvaov's Food Shoppe.
 81685 | Vaults:5 | Found Zylawk's Magic Scroll Shop.
 81693 | Vaults:5 | Bought a scroll of enchant weapon for 150 gold pieces
 81693 | Vaults:5 | Bought a scroll of enchant armour for 150 gold pieces
 81693 | Vaults:5 | Bought a scroll of remove curse for 60 gold pieces
 81693 | Vaults:5 | Bought 3 scrolls of remove curse for 180 gold pieces
 81700 | Vaults:5 | Found Gudat's Distillery.
 81868 | Vaults:5 | Identified the cursed +2 halberd "Orb Guardian's Peril"
                  | {vorpal, rF++ Int+2 Dex-3}
 81988 | Vaults:5 | Identified the +3 ring mail of Ninigap {rC- rN+ Str+4
                  | Int+3}
 82027 | Vaults:5 | Identified the +8 scimitar of Spite {speed, +Rage}
 82284 | Vaults:5 | Identified the Catalogue of Mutagenic Attacks
 82903 | Crypt:1  | Entered Level 1 of the Crypt
 83045 | Crypt:1  | Noticed Boris
 83081 | Crypt:1  | Killed Boris
 83264 | Crypt:1  | Identified the cursed +0 leather armour "Zetiulam" {rElec
                  | rCorr Int-5}
 84047 | Crypt:2  | Reached skill level 20 in Long Blades
 84306 | Crypt:2  | Noticed Boris
 84330 | Crypt:2  | Killed Boris
 85124 | Crypt:2  | Got the mace "Arotoede" {drain, *Corrode rElec rC+ Str+4}
 85471 | Crypt:3  | Entered Level 3 of the Crypt
 86323 | Crypt:3  | Found a staircase to the Tomb.
 86435 | Crypt:3  | Noticed Boris
 86468 | Crypt:3  | Killed Boris
 86468 | Crypt:3  | Reached XP level 27. HP: 209/214 MP: 40/44
 86830 | Crypt:3  | Found a basalt altar of Yredelemnul.
 86865 | Crypt:3  | Noticed an ancient lich
 86894 | Crypt:3  | Killed an ancient lich
 87295 | Crypt:3  | Identified the Volume of Dark Magic
 87299 | Crypt:3  | Got the spear "Weetsoymm" {freeze, rPois MR- MP+9}
 87981 | Zot:1    | Entered Level 1 of the Realm of Zot
 88902 | Zot:1    | Noticed an orb of fire
 89235 | Zot:1    | Reached skill level 15 in Conjurations
 89235 | Zot:1    | Reached skill level 15 in Hexes
 89235 | Zot:1    | Reached skill level 15 in Charms
 89235 | Zot:1    | Reached skill level 15 in Necromancy
 89235 | Zot:1    | Reached skill level 15 in Translocations
 89235 | Zot:1    | Reached skill level 15 in Transmutations
 89235 | Zot:1    | Reached skill level 15 in Fire Magic
 89235 | Zot:1    | Reached skill level 15 in Ice Magic
 89235 | Zot:1    | Reached skill level 15 in Air Magic
 89235 | Zot:1    | Reached skill level 15 in Earth Magic
 89235 | Zot:1    | Reached skill level 15 in Poison Magic
 89246 | Zot:1    | Learned a level 6 spell: Statue Form
 89279 | Zot:1    | Reached skill level 21 in Long Blades
 89758 | Zot:1    | Gained mutation: You have an increased reservoir of magic.
                  | (+10% MP) [an orb of fire]
 89764 | Zot:1    | Gained mutation: Your body often deteriorates upon taking
                  | damage. [an orb of fire]
 89765 | Zot:1    | Gained mutation: You do not regenerate when monsters are
                  | visible. [an orb of fire]
 89766 | Zot:1    | Killed an orb of fire
 90013 | Zot:1    | Lost mutation: Your body often deteriorates upon taking
                  | damage. [potion of mutation]
 90013 | Zot:1    | Lost mutation: You are partially covered in iridescent
                  | scales. (AC +2) [potion of mutation]
 90013 | Zot:1    | Gained mutation: You are somewhat resistant to further
                  | mutation. [potion of mutation]
 91804 | Zot:2    | Noticed an orb of fire
 91818 | Zot:2    | Killed an orb of fire
 93600 | Zot:3    | Identified the ring "Dessopri" {rPois rF+ rN+ Int+4}
 93602 | Zot:3    | Found a transporter.
 93603 | Zot:3    | Identified the +1 pair of gloves of Valour {rC+ Int+2 SInv}
 93642 | Zot:3    | Found a transporter.
 94263 | Zot:3    | Reached skill level 22 in Long Blades
 95248 | Zot:4    | Noticed an orb of fire
 95265 | Zot:4    | Killed an orb of fire
 96372 | Zot:5    | Entered Level 5 of the Realm of Zot
 96816 | Zot:5    | Noticed an ancient lich
 97063 | Zot:5    | Noticed an orb of fire
 97090 | Zot:5    | Killed an orb of fire
 97662 | Zot:5    | Noticed an ancient lich
 97689 | Zot:5    | Killed an ancient lich
 97754 | Zot:5    | Noticed an ancient lich
 97786 | Zot:5    | Killed an ancient lich
 97906 | Zot:5    | Noticed an orb of fire
 97935 | Zot:5    | Killed an orb of fire
 98936 | Zot:5    | Reached skill level 23 in Long Blades
 99285 | Zot:5    | Gained mutation: Scrolls take you a little longer to read.
                  | [mutagenic glow]
 99286 | Zot:5    | Noticed an orb of fire
 99291 | Zot:5    | Noticed an orb of fire
 99298 | Zot:5    | Killed an orb of fire
 99309 | Zot:5    | Killed an orb of fire
 99312 | Zot:5    | Noticed an orb of fire
 99328 | Zot:5    | Gained mutation: Armour fits poorly on your strangely
                  | shaped body. [mutagenic glow]
 99371 | Zot:5    | Lost mutation: You have an increased reservoir of magic.
                  | (+10% MP) [mutagenic glow]
 99623 | Zot:5    | Lost mutation: Your muscles are strong. (Str +2) [potion of
                  | mutation]
 99623 | Zot:5    | Lost mutation: Armour fits poorly on your strangely shaped
                  | body. [potion of mutation]
 99623 | Zot:5    | Lost mutation: Your body sometimes deteriorates upon taking
                  | damage. [potion of mutation]
 99953 | Zot:5    | Noticed an ancient lich
 99989 | Zot:5    | Killed an ancient lich
 99993 | Zot:5    | Killed an ancient lich
100309 | Zot:5    | Killed an orb of fire
100723 | Zot:5    | Got the Orb of Zot
101155 | D:13     | Noticed Zeceymn the pandemonium lord
101170 | D:13     | Killed Zeceymn the pandemonium lord
101388 | D:4      | Noticed Ybeyro the pandemonium lord
101393 | D:3      | Noticed Cimykhoj the pandemonium lord
101465 | D:$      | Escaped with the Orb!

Levels and vault maps discovered:
D:1:      scummos_arrival_hexagon, layout_basic
D:2:      layout_rooms, chequers_serial_rivers_micro_c, roderic_lattice_a,
          nrook_loot_triangle, roderic_nine_men_s_morris
D:3:      layout_basic, lemuel_doored_altar, okawaru_gym_becter
D:4:      layout_gridville, grunt_dithmenos_smoke_and_mirrors
D:5:      layout_loops_cross, first_ration, uniq_pikel, uniq_prince_ribbit1
D:6:      layout_gridville, minmay_temple_entry_mist, serial_co_window_serial,
          co_window_of_opportunity_a, co_window_paths_a, co_window_paths_a,
          co_window_corner_a, co_window_corner_a, co_window_of_opportunity_c,
          co_window_cross_4, co_window_corner_b, co_window_2corner,
          co_window_corner_ca, glass_columns_b, glass_columns_c,
          glass_columns_c, glass_columns_b, glass_columns_a, chequers_avenue,
          fedhas_ov_isle_minmay
D:7:      layout_rooms, biasface_ghost_orc_armoury, corexii_hall_statues_l,
          the_bakery, minmay_microvault
D:8:      layout_basic, uniq_psyche
D:9:      layout_loops_ring
D:10:     layout_grid_maze, amethyst_killhole, serial_bayou_ford_a, uniq_sonja
D:11:     layout_roguey, dpeg_oklobed_lair, uniq_fannar
D:12:     layout_cave_pools, david_orc_2, uniq_josephine, uniq_rupert
D:13:     layout_basic, grunt_vaults_entry_tiered, basic_altar, tso_altar
D:14:     layout_loops_cross, fountainhead, uniq_roxanne
D:15:     grunt_enter_depths_magical_seal, layout_basic,
          minmay_misc_feat_more_columns, patterned_corridor, uniq_kirke,
          uniq_agnes
Temple:   minmay_crystal_snake_temple
Lair:1:   layout_long_grid, serial_bayou_crossing, grunt_megastairs_2
Lair:2:   layout_chaotic_city, spider_nest_entry_a, gammafunk_ghost_arena,
          beast_lair_carwin_10, serial_bayou_shore_b, serial_bayou_shore_b
Lair:3:   layout_roguey [special_room_bee]
Lair:4:   layout_misc_corridors, minmay_swamp_entry_reptiles,
          ebering_ghost_rock_garden, minmay_lair_oklob_chamber,
          serial_bayou_shore_a
Lair:5:   layout_hall_layers, gammafunk_ghost_necromancy, serial_bayou_shore_b
Lair:6:   cheibrodos_lair_end_hotspot, layout_loops_ring, slime_dummy,
          minmay_another_anthill
Swamp:1:  layout_basic_swamp, evilmike_swamp_ruin_house_1
Swamp:2:  layout_falls_marsh, evilmike_swamp_ruin_house_5, uniq_aizul
Swamp:3:  layout_basic_swamp, nicolae_swamp_treefoil
Swamp:4:  swamp_fiery, layout_basic_swamp, gammafunk_ghost_cemetery
Spider:1: layout_spider_delve, gammafunk_ghost_berserking_beasts, uniq_azrael
Spider:2: layout_spider_delve, gammafunk_ghost_necromancy, uniq_nikola
Spider:3: layout_chambers, drop_trap
Spider:4: floodkiller_spider_rune_tomb
Orc:1:    layout_diamond_mine, nicolae_volcano_entry_s_turn, basic_altar,
          uniq_gastronok
Orc:2:    grunt_orc_gardens, layout_caves, grunt_orc_garden, grunt_orc_garden,
          grunt_orc_garden, grunt_orc_garden, nicolae_orc_stony_grotto
Elf:1:    layout_loops_cross, lightli_enter_wizlab_magi_temple,
          hangedman_elf_disciples, minivault_5, drop_trap, minivault_26
Elf:2:    layout_onion_city, minmay_fountain_box, minmay_misc_feat_columns
Elf:3:    elf_hall, layout_gridlike, ebering_ghost_rock_garden, serial_shops,
          nicolae_shop_stone
Vaults:1: v_misc_1, hangedman_vaults_corner_blocks, nicolae_vaults_triangles,
          vaults_room_boxed, v_misc_10, hangedman_vaults_corner,
          dpeg_vaults_monster_box, vaults_room_door_ring, grunt_vaults_diagonal,
          nicolae_vaults_diagonal_hallway_6, layout_vaults_maze_snakey,
          basic_altar, uniq_asterion
Vaults:2: v_misc_27, nicolae_vaults_alarming, vaults_room_door_hall,
          vaults_mumra_hex, minmay_crypt_entry_simple_box,
          nicolae_vaults_what_the_h, nicolae_vaults_ninety_degrees,
          vaults_room_pool, nicolae_vaults_little_squares_1,
          layout_vaults_omnicross, serial_shops, bzr_in_the_mist,
          nicolae_shop_trees, uniq_donald
Vaults:3: ebering_vaults_ghost_xom, vaults_dpeg_hooks, vaults_dpeg_spiral,
          v_alt_pattern_5, ontoclasm_vaults_spin, vaults_room_mumra_shop_pool,
          ontoclasm_vaults_chip, vaults_dpeg_ring, layout_vaults_omnigrid
Vaults:4: ontoclasm_vaults_claustrophobia, nicolae_vaults_network_quinsquares
          [nicolae_vaults_network_quincunx_subvault,
          nicolae_vaults_network_quincunx_subvault,
          nicolae_vaults_network_quincunx_subvault,
          nicolae_vaults_network_quincunx_subvault], vaults_room_grid,
          st_hourglassy, hangedman_vaults_maws, nicolae_vaults_little_squares_2,
          v_misc_14, nicolae_vaults_little_squares_2, layout_vaults_ring,
          uniq_bai_suzhen
Vaults:5
Crypt:1:  layout_misc_corridors, nicolae_crypt_cryptocurrency
Crypt:2:  layout_regular_city, lemuel_elevator
Crypt:3:  church_of_pain_bobbens, layout_chaotic_city,
          tomb_entry_forgotten_bobbens, corexii_hall_statues_x
Depths:1: layout_gridlike, grunt_mini_vestibule, ashenzari_altar_1,
          minmay_shoptagon
Depths:2: thingy_vault_2, layout_basic, grunt_hell_entry_dis_mu,
          infiniplex_staircase_spiral
Depths:3: evilmike_diamond_1, layout_basic, enter_ziggurat_a,
          minmay_misc_feat_ornament, pan_entry, pf_hell_entry_great_geh,
          uniq_margery, uniq_mara, uniq_saint_roka
Depths:4: minmay_quarter_circles, layout_gridville, serial_shops, shop,
          nicolae_shop_overgrown_old_shop, nicolae_shop_statue_plus,
          nicolae_shop_behind_doors, shop, abyss_entry_flame_altar, hell_entry,
          serial_sigils_hangedman_quiver, uniq_boris
Depths:5: grunt_zot_entry_gee_three, layout_cave_shapes,
          chequers_serial_rivers_small_3, hellmouth_1, serial_bayou_lagoon_b
Zot:1:    layout_onion_interference, grunt_megastairs_1
Zot:2:    layout_gridlike
Zot:3:    gammafunk_sealed_arena, layout_gridlike, st_stairs_9, zot_minivault_8
Zot:4:    layout_concentric_octagons, st_single_dragon_hoard_1
Zot:5:    layout_gridlike

Skill      XL: |  1  2  3  4  5  6  7  8  9 10 11 12 13 14 15 16 17 18 19 20 21 22 23 24 25 26 27 |
---------------+----------------------------------------------------------------------------------+-----
Spellcasting   | 5 6 7 8 9 10 11 12 13 14 15 16 17 19 | 19.6
Invocations    | 1 4 5 6 7 8 9 10 11 12 13 14 15 16 17 18 20 | 20.6
Fighting       | 1 4 5 6 7 8 9 10 11 12 13 14 15 16 17 19 | 19.2
Short Blades   | 1 4 5 6 7 8 9 10 11 12 13 14 15 16 17 19 | 19.2
Long Blades    | 1 4 5 6 7 8 9 10 11 12 13 14 15 16 17 18 19 20 23 | 23.5
Axes           | 1 4 5 6 7 8 9 10 11 12 13 14 15 16 17 19 | 19.2
Maces & Flails | 1 4 5 6 7 8 9 10 11 12 13 14 15 16 17 19 | 19.2
Polearms       | 1 4 5 6 7 8 9 10 11 12 13 14 15 16 17 19 | 19.2
Staves         | 1 4 5 6 7 8 9 10 11 12 13 14 15 16 17 19 | 19.2
Slings         | 1 4 5 6 7 8 9 10 11 12 13 14 15 16 17 19 | 19.2
Bows           | 1 4 5 6 7 8 9 10 11 12 13 14 15 16 17 19 | 19.2
Crossbows      | 1 4 5 6 7 8 9 10 11 12 13 14 15 16 17 19 | 19.2
Throwing       | 1 4 5 6 7 8 9 10 11 12 13 14 15 16 17 19 | 19.2
Armour         | 1 4 5 6 7 8 9 10 11 12 13 14 15 16 17 19 | 19.2
Shields        | 1 4 5 6 7 8 9 10 11 12 13 14 15 16 17 19 | 19.2
Unarmed Combat | 1 4 5 6 7 8 9 10 11 12 13 14 15 16 17 19 | 19.2
Evocations     | 1 4 5 6 7 8 9 10 11 12 13 14 15 16 17 19 | 19.2
Dodging        | 6 7 8 9 10 11 12 13 14 15 16 17 19 | 19.5
Stealth        | 5 6 7 8 9 10 11 12 13 14 15 16 17 19 | 19.5
Conjurations   | 3 4 5 6 7 8 9 10 11 12 13 14 16 | 16.6
Hexes          | 3 4 5 6 7 8 9 10 11 12 13 14 16 | 16.6
Charms         | 3 4 5 6 7 8 9 10 11 12 13 14 16 | 16.6
Necromancy     | 3 4 5 6 7 8 9 10 11 12 13 14 16 | 16.6
Translocations | 3 4 5 6 7 8 9 10 11 12 13 14 16 | 16.6
Transmutations | 3 4 5 6 7 8 9 10 11 12 13 14 16 | 16.6
Fire Magic     | 3 4 5 6 7 8 9 10 11 12 13 14 16 | 16.6
Ice Magic      | 3 4 5 6 7 8 9 10 11 12 13 14 16 | 16.6
Air Magic      | 3 4 5 6 7 8 9 10 11 12 13 14 16 | 16.6
Earth Magic    | 3 4 5 6 7 8 9 10 11 12 13 14 16 | 16.6
Poison Magic   | 3 4 5 6 7 8 9 10 11 12 13 14 16 | 16.6
Summonings     | 8 9 10 11 12 13 14 15 17 | 17.6

Action                   |  1- 3 |  4- 6 |  7- 9 | 10-12 | 13-15 | 16-18 | 19-21 | 22-24 | 25-27 || total
-------------------------+-------+-------+-------+-------+-------+-------+-------+-------+-------++-------
Melee: Unarmed           |    30 |       |       |       |       |       |       |       |       ||    30
       Bite              |    20 |     6 |    36 |   101 |   139 |   156 |   246 |   205 |   442 ||  1351
       Dagger            |   133 |   100 |   365 |   756 |   897 |    42 |       |       |       ||  2293
       Punch             |     2 |     2 |     5 |    10 |       |       |       |       |       ||    19
       Shillelagh        |       |       |       |   123 |       |       |       |       |       ||   123
       Staff             |       |       |       |       |   265 |  1309 |  1615 |   804 |   335 ||  4328
       Cutlass           |       |       |       |       |       |       |    87 |       |       ||    87
       Double sword      |       |       |       |       |       |       |       |   597 |  2525 ||  3122
Throw: Throwing net      |       |       |       |     1 |       |       |       |       |       ||     1
       Javelin           |       |       |       |       |       |       |       |       |     6 ||     6
 Cast: Summon Small Mamm |     6 |       |       |       |       |       |       |       |       ||     6
       Call Imp          |    10 |     9 |    13 |     7 |       |       |       |       |       ||    39
       Summon Lightning  |       |       |     7 |    24 |    31 |    18 |    28 |    16 |    10 ||   134
       Animate Skeleton  |       |       |       |     7 |     7 |     7 |     7 |    10 |     8 ||    46
       Summon Ice Beast  |       |       |       |    21 |    65 |    53 |    18 |     3 |       ||   160
       Poisonous Vapours |       |       |       |    58 |   141 |     5 |     3 |       |       ||   207
       Mephitic Cloud    |       |       |       |       |     1 |     1 |     1 |       |       ||     3
       Apportation       |       |       |       |       |     2 |       |     8 |       |       ||    10
       Fireball          |       |       |       |       |       |     9 |    27 |    14 |       ||    50
       Irradiate         |       |       |       |       |       |     3 |    14 |    19 |    32 ||    68
       Silence           |       |       |       |       |       |     1 |       |       |     1 ||     2
       Yara's Violent Un |       |       |       |       |       |       |    10 |     6 |     4 ||    20
       Blink             |       |       |       |       |       |       |     2 |     1 |     2 ||     5
       Freezing Cloud    |       |       |       |       |       |       |       |     8 |    25 ||    33
       Summon Mana Viper |       |       |       |       |       |       |       |    18 |    84 ||   102
       Borgnjor's Vile C |       |       |       |       |       |       |       |     9 |    70 ||    79
       Passage of Golubr |       |       |       |       |       |       |       |     1 |       ||     1
       Eringya's Noxious |       |       |       |       |       |       |       |       |    12 ||    12
       Death Channel     |       |       |       |       |       |       |       |       |     2 ||     2
       Statue Form       |       |       |       |       |       |       |       |       |    26 ||    26
Invok: Curse Item        |       |       |     1 |     1 |     2 |       |     1 |     2 |     4 ||    11
       Scrying           |       |       |       |       |     1 |     2 |     1 |       |     2 ||     6
Evoke: Wand              |       |       |     1 |    28 |    10 |    10 |       |     1 |     6 ||    56
       Staff of Olgreb   |       |       |       |       |    81 |   127 |    81 |    72 |    26 ||   387
  Use: Scroll            |       |     3 |    15 |    10 |     9 |    12 |    13 |    16 |    10 ||    88
       Potion            |       |     1 |       |     3 |     4 |     3 |       |     2 |    16 ||    29
 Stab: Sleeping          |     6 |     7 |    13 |    17 |    15 |    12 |    18 |    25 |    37 ||   150
       Distracted        |       |     1 |     1 |     5 |    14 |    14 |     7 |    13 |    31 ||    86
       Confused          |       |       |       |       |       |       |       |       |     2 ||     2
       Invisible         |       |       |       |       |       |       |       |       |     3 ||     3
  Eat: Chunk             |     4 |     5 |    11 |    21 |    29 |    25 |    32 |    31 |    35 ||   193
       Ration            |       |       |     2 |     6 |     5 |    10 |     5 |     5 |    14 ||    47
Armor: Robe              |     5 |       |     2 |   170 |    35 |       |       |       |       ||   212
       Ring mail         |    36 |    25 |    94 |       |       |       |       |       |       ||   155
       Fire dragon scale |       |       |       |       |   386 |   583 |   630 |   318 |   587 ||  2504
       Skin              |       |       |       |       |       |       |       |       |   152 ||   152
Dodge: Dodged            |   111 |    73 |   254 |   542 |   631 |   796 |   951 |   472 |  1217 ||  5047
Block: Buckler           |       |       |       |   137 |   321 |   417 |   419 |       |       ||  1294
       Reflection        |       |       |       |       |       |       |     9 |       |       ||     9
       Kite shield       |       |       |       |       |       |       |   183 |   146 |       ||   329
       Tower shield      |       |       |       |       |       |       |       |   866 |  2710 ||  3576
       Rpst.: Double sword |       |       |       |       |       |       |       |    33 |   155 ||   188

Table legend:
 A = Non-vault XP
 B = Vault XP
 C = Vault XP percentage of total XP
 D = Non-vault monster count
 E = Vault monster count
 F = Vault count percentage of total count
                 A         B        C        D         E       F
            +---------+---------+-------+---------+---------+-------
      Total | 1018603 |  879229 |  46.3 |    1762 |     943 |  34.9
            +---------+---------+-------+---------+---------+-------
        D:1 |      35 |       0 |   0.0 |      19 |       0 |   0.0
        D:2 |      62 |       0 |   0.0 |      22 |       0 |   0.0
        D:3 |      37 |       0 |   0.0 |      15 |       0 |   0.0
        D:4 |     392 |       0 |   0.0 |      15 |       0 |   0.0
        D:5 |    1002 |     259 |  20.5 |      27 |       1 |   3.6
        D:6 |    1181 |       0 |   0.0 |      34 |       0 |   0.0
        D:7 |     701 |    1230 |  63.7 |      16 |      14 |  46.7
        D:8 |     709 |     160 |  18.4 |      23 |       1 |   4.2
        D:9 |    2278 |       0 |   0.0 |      31 |       0 |   0.0
       D:10 |    2634 |     814 |  23.6 |      39 |       1 |   2.5
       D:11 |    3203 |     751 |  19.0 |      30 |       1 |   3.2
       D:12 |    4952 |    4586 |  48.1 |      38 |      13 |  25.5
       D:13 |    9840 |    6138 |  38.4 |      41 |      25 |  37.9
       D:14 |    8651 |       0 |   0.0 |      40 |       0 |   0.0
       D:15 |   21280 |   12244 |  36.5 |      54 |      19 |  26.0
     Lair:1 |    4604 |     157 |   3.3 |      28 |       1 |   3.4
     Lair:2 |    2020 |    1829 |  47.5 |      10 |      14 |  58.3
     Lair:3 |    4999 |    1862 |  27.1 |      22 |      26 |  54.2
     Lair:4 |    3163 |    3783 |  54.5 |      19 |       8 |  29.6
     Lair:5 |    2657 |    2001 |  43.0 |      12 |       6 |  33.3
     Lair:6 |    4648 |   13447 |  74.3 |      20 |      57 |  74.0
    Swamp:1 |    8991 |       0 |   0.0 |      24 |       0 |   0.0
    Swamp:2 |    8476 |    1625 |  16.1 |      19 |       1 |   5.0
    Swamp:3 |    4213 |       0 |   0.0 |      12 |       0 |   0.0
    Swamp:4 |   12944 |   20690 |  61.5 |      34 |      32 |  48.5
   Spider:1 |   10303 |   10933 |  51.5 |      33 |      20 |  37.7
   Spider:2 |   25186 |    8445 |  25.1 |      65 |      13 |  16.7
   Spider:3 |   12997 |       0 |   0.0 |      40 |       0 |   0.0
   Spider:4 |   16153 |   32905 |  67.1 |      36 |      71 |  66.4
      Orc:1 |    2174 |    1372 |  38.7 |      44 |       2 |   4.3
      Orc:2 |    1551 |    6708 |  81.2 |       6 |      25 |  80.6
      Elf:1 |   32461 |    6178 |  16.0 |      50 |       9 |  15.3
      Elf:2 |   16279 |   22440 |  58.0 |      32 |      30 |  48.4
      Elf:3 |   28252 |   43277 |  60.5 |      43 |      28 |  39.4
   Vaults:1 |   31518 |   28081 |  47.1 |      45 |      34 |  43.0
   Vaults:2 |   26326 |   23656 |  47.3 |      46 |      38 |  45.2
   Vaults:3 |   28566 |   22020 |  43.5 |      52 |      28 |  35.0
   Vaults:4 |   47602 |   14677 |  23.6 |      73 |      15 |  17.0
   Vaults:5 |   29068 |  119899 |  80.5 |      47 |      94 |  66.7
    Crypt:1 |   28056 |       0 |   0.0 |      37 |       0 |   0.0
    Crypt:2 |   45680 |    3597 |   7.3 |      56 |       1 |   1.8
    Crypt:3 |   33003 |   63740 |  65.9 |      35 |      68 |  66.0
   Depths:1 |   13470 |    2842 |  17.4 |      25 |       5 |  16.7
   Depths:2 |   38052 |   25039 |  39.7 |      44 |      21 |  32.3
   Depths:3 |   15747 |   45568 |  74.3 |      16 |      44 |  73.3
   Depths:4 |   38776 |   39635 |  50.5 |      44 |      30 |  40.5
   Depths:5 |   43174 |   24184 |  35.9 |      40 |      21 |  34.4
      Zot:1 |   76167 |   18795 |  19.8 |      50 |      13 |  20.6
      Zot:2 |   59199 |       0 |   0.0 |      31 |       0 |   0.0
      Zot:3 |   37554 |   58220 |  60.8 |      22 |      31 |  58.5
      Zot:4 |   84356 |    3927 |   4.4 |      43 |       1 |   2.3
      Zot:5 |   77145 |  151148 |  66.2 |      43 |      41 |  48.8
    Abyss:3 |    3455 |    1384 |  28.6 |      12 |       2 |  14.3
    Abyss:4 |    2661 |    1757 |  39.8 |       8 |       3 |  27.3
    Volcano |       0 |    4003 | 100.0 |       0 |       6 | 100.0
     WizLab |       0 |   23223 | 100.0 |       0 |      29 | 100.0
            +---------+---------+-------+---------+---------+-------
